 Dungeon Crawl Stone Soup version 0.25.1-2-g60ff931df9 (webtiles) character file.

Game seed: 15533913318515073641

120 TheDerkunE the Chopper (level 5, -3/42 HPs)
             Began as a Hill Orc Berserker on Oct 23, 2020.
             Was a Believer of Trog.
             Slain by a gnoll
             ... wielding a +0 spear
              (7 damage)
             ... on level 2 of the Dungeon.
             The game lasted 00:09:24 (2222 turns).

TheDerkunE the Chopper (Hill Orc Berserker)         Turns: 2222, Time: 00:09:24

Health: -3/42      AC:  5    Str: 21    XL:     5   Next: 4%
Magic:  5/5        EV: 11    Int:  7    God:    Trog [**....]
Gold:   100        SH:  0    Dex: 12    Spells: 4/4 levels left

rFire    . . .     SeeInvis .   a - +1 hand axe
rCold    . . .     Gourm    .   (no shield)
rNeg     + . .     Faith    .   j - +0 ring mail
rPois    .         Spirit   .   (no helmet)
rElec    .         Reflect  .   (no cloak)
rCorr    .         Harm     .   (no gloves)
MR       .....                  (no boots)
Stlth    +.........             (no amulet)
HPRegen  0.14/turn              m - ring of positive energy
MPRegen  0.09/turn              (no ring)

@: no status effects
A: claws 1, talons 1, thin skeletal structure 1, frail 1
a: Berserk, Trog's Hand, Renounce Religion


You were on level 2 of the Dungeon.
You worshipped Trog.
Trog was pleased with you.
You were not hungry.

You visited 1 branch of the dungeon, and saw 2 of its levels.

You collected 100 gold pieces.

Inventory:

Hand Weapons
 a - a +1 hand axe (weapon)
Missiles
 h - 39 stones (quivered)
Armour
 j - a +0 ring mail (worn)
Jewellery
 m - a ring of positive energy (left claw)
Scrolls
 d - 2 scrolls of remove curse {unknown}
 e - a scroll of enchant armour {unknown}
 f - a scroll of identify {unknown}
 l - a scroll of teleportation {unknown}
 n - a scroll of enchant weapon
 o - a scroll of magic mapping {unknown}
Potions
 b - a potion of stabbing
 i - a potion of mutation
 k - a potion of magic {unknown}
Comestibles
 c - 3 rations
 g - 4 chunks of flesh


   Skills:
 + Level 4.7 Fighting
 + Level 5.1 Axes
 + Level 1.4 Throwing
 + Level 2.7 Armour
 + Level 2.1 Dodging


You had 4 spell levels left.
You didn't know any spells.
Your spell library was empty.

Dungeon Overview and Level Annotations

Branches:
Dungeon (2/15)

Altars:


Innate Abilities, Weirdness & Mutations

You have sharp fingernails.
You have sharp toenails.
You have a somewhat thin skeletal structure. (Dex +2, Stealth)
You are frail. (-10% HP)


Message History

You have reached level 5!
You feel stronger.
The gnoll hits you from afar with a +0 spear!
* * * LOW HITPOINT WARNING * * *
The gnoll hits you with a +0 spear.
* * * LOW HITPOINT WARNING * * *
Things that are here:
a +0 spear; a stone You hit the gnoll.
The gnoll is moderately wounded.
The gnoll hits you with a +0 spear.
* * * LOW HITPOINT WARNING * * *
It was a potion of mutation.
You feel extremely strange.
Your fingernails lengthen.
You feel frail.
Your toenails lengthen and sharpen.
Your bones become slightly less dense.
The gnoll barely misses you.
You hit the gnoll but do no damage. Your kick misses the gnoll.
The gnoll is moderately wounded.
The gnoll hits you with a +0 spear!
You die...

#..# #.#
#.##.....# #. #..#
#.# #.##.>...# #.
##..# #.#
...#.....# #.
##...# #..
.......#.####.
#....#######
........>.....
#..........#
....####.####.
#.########.#.....
#...... #.#
#)##...#####.####.
#.#
#@#.........รท# #.
#.#
#g#...######)####.
#.# #S# #.......
#.# #b# #..####.
#.#


.gg #.<# #. ... #..# ##. ... #..# #.. ..... ...# #.# ..... #.# You could see 2
gnolls, an adder, a hobgoblin and a bat.

Vanquished Creatures
  2 gnolls (D:2)
  3 adders (D:2)
  4 oozes
  2 worms (D:2)
  A dart slug (D:2)
  A leopard gecko (D:2)
  A giant cockroach (D:1)
  4 goblins
  7 hobgoblins
  9 jackals
  5 bats
  3 frilled lizards
  2 kobolds
  6 rats
50 creatures vanquished.

Notes
Turn   | Place    | Note
-------+----------+-------------------------------------------
     0 | D:1      | TheDerkunE the Hill Orc Berserker began the quest for the
                  | Orb.
     0 | D:1      | Reached XP level 1. HP: 19/19 MP: 1/1
   166 | D:1      | Reached XP level 2. HP: 23/27 MP: 2/2
   752 | D:1      | Reached XP level 3. HP: 28/34 MP: 3/3
  1006 | D:1      | Reached ** piety under Trog
  1433 | D:2      | Reached XP level 4. HP: 25/41 MP: 4/4
  2045 | D:2      | Reached skill level 5 in Axes
  2045 | D:2      | Reached skill level 1 in Throwing
  2218 | D:2      | Reached XP level 5. HP: 17/47 MP: 5/5
  2221 | D:2      | Gained mutation: You have sharp fingernails. [potion of
                  | mutation]
  2221 | D:2      | Gained mutation: You are frail. (-10% HP) [potion of
                  | mutation]
  2221 | D:2      | Gained mutation: You have sharp toenails. [potion of
                  | mutation]
  2221 | D:2      | Gained mutation: You have a somewhat thin skeletal
                  | structure. (Dex +2, Stealth) [potion of mutation]
  2222 | D:2      | Slain by a gnoll

Illustrated notes

Levels and vault maps discovered:
D:1:      dpeg_arrival_renting, layout_basic, minmay_hexomino_f4
D:2:      layout_loops_ring

Skill      XL: |  1  2  3  4 |
---------------+-------------+-----
Fighting       | 4 |  4.7
Dodging        | 2 |  2.1
Axes           | 5 |  5.1
Throwing       | 1 |  1.4
Armour         | |  2.7

Action                   |  1- 3 |  4- 6 || total
-------------------------+-------+-------++-------
Melee: Hand axe          |   103 |    73 ||   176
Throw: Stone             |    46 |    59 ||   105
  Use: Potion            |     1 |     2 ||     3
       Scroll            |     1 |       ||     1
  Eat: Chunk             |     2 |     2 ||     4
Armor: Leather armour    |     8 |       ||     8
       Ring mail         |    32 |    15 ||    47
Dodge: Dodged            |    70 |    44 ||   114
